 Dungeon Crawl Stone Soup version 0.20-a0-680-g5c496f5 (webtiles) character file.

23 Alarkh the Grave Robber (level 2, -5/19 HPs)
             Began as a Mummy Necromancer on Feb 18, 2017.
             Slain by a gnoll
             ... wielding a +0 spear
              (7 damage)
             ... on level 1 of the Dungeon.
             The game lasted 00:02:13 (907 turns).

Alarkh the Grave Robber (Mummy Necromancer)          Turns: 907, Time: 00:02:13

Health: -5/19      AC:  2    Str: 11    XL:     2   Next: 72%
Magic:  2/6        EV: 12    Int: 14    God:
Gold:   52         SH:  4    Dex: 12    Spells: 6/7 levels left

rFire    x . .     SeeInvis .   g - +0 dagger
rCold    + . .     Gourm    .   a - +0 robe
rNeg     + + +     Faith    .   (no shield)
rPois    ∞         Spirit   .   (no helmet)
rElec    .         Reflect  +   (no cloak)
rCorr    .         Harm     .   (no gloves)
MR       .....                  (no boots)
Stlth    ++........             e - +4 amulet of reflection
Regen    0.1/turn               (no ring)
MPRegen  0.1/turn               (no ring)

@: very slightly contaminated
A: no food or potions, fire vulnerability, cold resistance 1, negative energy
resistance 3, torment resistance, unbreathing
a: no special abilities


You were on level 1 of the Dungeon.
You were not hungry.

You visited 1 branch of the dungeon, and saw 2 of its levels.

You collected 52 gold pieces.

Inventory:

Hand Weapons
 g - a +0 dagger (weapon)
Armour
 a - a +0 robe (worn)
Jewellery
 e - a +4 amulet of reflection (around neck)
Scrolls
 c - a scroll of fog
 d - a scroll of identify
 f - a scroll of enchant weapon {unknown}
Books
 b - a book of Necromancy

   Spells                             Type                      Level
   a - Pain                           Necromancy                   1
   b - Animate Skeleton               Necromancy                   1
   c - Vampiric Draining              Necromancy                   3
   d - Regeneration                   Charms/Necromancy            3
   e - Animate Dead                   Necromancy                   4
   f - Control Undead                 Necromancy                   4


   Skills:
 + Level 1.6 Dodging
 + Level 1.7 Stealth
 + Level 3.2 Spellcasting
 + Level 4.4 Necromancy


You had 6 spell levels left.
You knew the following spells:

 Your Spells              Type           Power        Failure   Level  Hunger
a - Pain                  Necr           ##..         3%          1    N/A

Dungeon Overview and Level Annotations

Branches:
Dungeon (2/15)

Altars:

Annotations:
D:2 Jessica


Innate Abilities, Weirdness & Mutations

You do not eat or drink.
Your flesh is vulnerable to fire.
You are immune to poison.
Your flesh is cold resistant. (rC+)
You are immune to negative energy. (rN+++)
You are immune to unholy pain and torment.
You can survive without breathing.


Message History

The bat writhes in agony!
The bat hits you but does no damage. The adder bites you.
You climb upwards.
There is a stone staircase leading down here.
You miss the adder. The adder closely misses you. You block the adder's attack.
You hit the adder.
The adder is lightly wounded.
The gnoll hits you from afar with a spear.
The adder bites you. The adder bites you. The adder bites you.
* * * LOW HITPOINT WARNING * * *
The adder misses you.
As you read the scroll labeled XUERHI NEYC, it crumbles to dust.
It is a scroll of identify.
c - a scroll of fog The adder bites you.
* * * LOW HITPOINT WARNING * * *
The gnoll hits you from afar with a spear!
You die...

##..###### ##.# ##..# #..#
##..##### #.## .....!..# #.#
#.#.###.####### ##.###### #####
....# #.......###.......####...#
#.#.###.#####.....†............##
..#......## ####.###..#.##.#.....
#######...# #@# #....##†###### #
#...# ##S###..#.##.# # #...#
#.g!....#.##.# # # #...#
#.#.........[# # # #...#
#.#.....###### # # #...#
#...#....# #######
#######...#####........# #.....#
.................#.....###.....#
............................)..#


You could see a gnoll and an adder.

Vanquished Creatures
  A dart slug (D:1)
  2 leopard geckos
  A ball python (D:2)
  4 bats (D:1)
  2 giant cockroaches (D:1)
  2 goblins (D:1)
  2 hobgoblins (D:1)
  2 kobolds
  A frilled lizard (D:2)
17 creatures vanquished.

Notes
Turn   | Place    | Note
-------+----------+-------------------------------------------
     0 | D:1      | Alarkh the Mummy Necromancer began the quest for the Orb.
     0 | D:1      | Reached XP level 1. HP: 13/13 MP: 4/4
   199 | D:1      | Reached XP level 2. HP: 19/19 MP: 1/5
   866 | D:2      | Noticed Jessica
   907 | D:1      | Slain by a gnoll

Vault maps used:
D:1:      kennysheep_arrival_seaside
D:2:      uniq_jessica, uniq_crazy_yiuf_cottage, uniq_robin

Skill      XL: |  1  2 |
---------------+-------+-----
Spellcasting   | 3 |  3.2
Dodging        | |  1.6
Stealth        | |  1.7
Necromancy     | |  4.4

Action                   || total
-------------------------++-------
Melee: Dagger            ||    17
       Unarmed           ||     3
 Cast: Pain              ||    37
  Use: Scroll            ||     1
 Stab: Sleeping          ||     1
Armor: Robe              ||    10
Dodge: Dodged            ||    30
Block: Other             ||     2
